 Dungeon Crawl Stone Soup version 0.17.0-1-g61d176b (webtiles) character file.

20 kosy22 the Caller (level 2, 0/11 HPs)
             Began as a Felid Summoner on Nov 7, 2015.
             Slain by a hobgoblin (3 damage)
             ... on level 2 of the Dungeon.
             The game lasted 00:04:35 (1528 turns).

kosy22 the Caller (Felid Summoner)                  Turns: 1528, Time: 00:04:35

Health: 0/11       AC:  1    Str:  4    XL:     2   Next: 58%
Magic:  1/6        EV: 18    Int: 21    God:
Gold:   60         SH:  0    Dex: 16    Spells: 2 memorised, 2 levels left
                                        Lives:  0   Deaths: 0

rFire  . . .     SeeInvis +     (weapon unavailable)
rCold  . . .     Clarity  .     (armour unavailable)
rNeg   . . .     SustAt   .     (shield unavailable)
rPois  .         Gourm    .     (helmet unavailable)
rElec  .         Spirit   .     (cloak unavailable)
rCorr  .         Warding  .     (gloves unavailable)
rMut   .         Stasis   .     (boots unavailable)
MR     .....                    (no amulet)
Stlth  +++.......               (no ring)
                                (no ring)

@: brilliant, quick, not resistant to hostile enchantments, fairly stealthy
A: no armour, no weapons or thrown items, claws 1, fangs 3, see invisible,
carnivore 3, speed 1, shaggy fur 1, slow metabolism 1, sharp paws
a: no special abilities


You were on level 2 of the Dungeon.
You were not hungry.

You visited 1 branch of the dungeon, and saw 2 of its levels.

You collected 60 gold pieces.

Inventory:

Jewellery
 c - an uncursed ring of fire
 h - an uncursed amulet of stasis
Potions
 d - a potion of brilliance
 e - a potion of curing {unknown}
 f - a potion of lignification {unknown}
Books
 a - a book of Callings

   Spells                             Type                      Level
   a - Summon Small Mammal            Summoning                    1
   b - Call Imp                       Summoning                    2
   c - Call Canine Familiar           Summoning                    3
   d - Summon Guardian Golem          Hexes/Summoning              3
   e - Summon Lightning Spire         Summoning/Air                4
   f - Summon Ice Beast               Ice/Summoning                4
Comestibles
 b - a meat ration


   Skills:
 + Level 2.8 Dodging
 + Level 3.1 Stealth
 + Level 2.2 Spellcasting
 + Level 4.4 Summonings


You had 2 spell levels left.
You knew the following spells:

 Your Spells              Type           Power        Failure   Level  Hunger
a - Summon Small Mammal   Summ           ####         1%          1    #......
b - Call Imp              Summ           ####....     1%          2    ##.....


Dungeon Overview and Level Annotations

Branches:
Dungeon (2/15)

Altars:


Innate Abilities, Weirdness & Mutations

You cannot wear armour.
You are incapable of wielding weapons or throwing items.
You have sharp claws.
You have razor-sharp teeth.
You have supernaturally acute eyesight.
You are carnivorous and can eat meat at any time.
You cover ground quickly.
You are covered in fur (AC +1).
You have a slow metabolism.
Your sharp claws are effective at attacking unaware monsters.


Message History

A giant cockroach comes into view.
Casting: Call Imp
Confirm with . or Enter, or press ? or * to list all spells.
A beastly little devil appears in a puff of flame.
The goblin closely misses you.
Your crimson imp blinks!
Your crimson imp completely misses the goblin.
Your crimson imp barely misses the goblin.
The goblin hits you.
Your crimson imp blinks!
Your crimson imp closely misses the goblin.
The giant cockroach closely misses your crimson imp.
Your crimson imp blinks! x2
The goblin completely misses you. The giant cockroach bites you.
* * * LOW HITPOINT WARNING * * *
The goblin barely misses you.
Your crimson imp completely misses the giant cockroach.
The hobgoblin hits you.
You die...

...### ....## .. #.#..##
##.# ####.#...##... ..
#.......<...####.. #
#.)........# #... . ..
##......#.#.###.### .###..
#.....†.g......... ....(.
#......gs@..$..(# ###..#..
#......55...(#..###...#..#
#..(....................##
#......†.#..†..#..........
#......#####..........####
#........ ...........#.####
#....(....#...#......#.....
...###...#.....#........####
... #.....#.#.##.#.....###


You could see a giant cockroach, a hobgoblin, a goblin and 2 friendly crimson
imps.

Vanquished Creatures
  A giant gecko (D:1)
  A hobgoblin (D:2)
  A jackal (D:1)
  A giant newt (D:1)
  A goblin (D:1)
  A rat (D:1)
6 creatures vanquished.

Vanquished Creatures (collateral kills)
  An ooze (D:1)
  A worm (D:2)
  4 bats
  A goblin (D:2)
  A hobgoblin (D:1)
  A jackal (D:1)
  4 rats
13 creatures vanquished.

Grand Total: 19 creatures vanquished

Notes
Turn   | Place    | Note
--------------------------------------------------------------
     0 | D:1      | kosy22 the Felid Summoner began the quest for the Orb.
     0 | D:1      | Reached XP level 1. HP: 7/7 MP: 4/4
   604 | D:1      | Reached XP level 2. HP: 4/11 MP: 1/6
  1120 | D:1      | Learned a level 2 spell: Call Imp
  1528 | D:2      | Slain by a hobgoblin

Action                   || total
-------------------------++-------
Melee: Unarmed           ||    16
 Cast: Summon Small Mamm ||    16
       Call Imp          ||    12
  Use: Scroll            ||     1
       Potion            ||     1
 Stab: Sleeping          ||     3
  Eat: Pizza             ||     1
